 Dungeon Crawl Stone Soup version 0.31-a0-996-g3b49de5836 (webtiles) character file.

Game seed: 11524664352487437582

1261 BinkBink the Trooper (level 8, -1/97 HPs)
             Began as a Minotaur Monk on Nov 7, 2023.
             Was a Priest of Hepliaklqana.
             Slain by a killer bee (6 damage)
             ... on level 7 of the Dungeon.
             The game lasted 00:06:44 (4790 turns).

BinkBink the Trooper (Minotaur Monk)                Turns: 4790, Time: 00:06:48

Health: -1/97      AC: 24    Str: 15    XL:     8   Next: 27%
Magic:  16/16      EV:  2    Int:  7    God:    Hepliaklqana [***...]
Gold:   86         SH:  0    Dex: 16    Spells: 7/7 levels left

rFire   . . .        C - +4 battleaxe of Tumult {heavy, Fly rPois MP+9 Stlth+}
rCold   . . .        (shield currently unavailable)
rNeg    . . .        g - melded +0 chain mail
rPois   +            (helmet currently unavailable)
rElec   .            (cloak currently unavailable)
rCorr   .            (gloves currently unavailable)
SInv    .            (boots currently unavailable)
Will    +....        (no amulet)
Stlth   ++           t - ring of flight
HPRegen 0.36/turn    w - ring of poison resistance
MPRegen 0.15/turn

%: no passive effects
@: tree-form, enlightened
A: stationary, stasis, torment immunity, boosted hp, reduced essence, (horns 2),
(retaliatory headbutt)
a: Renounce Religion, Recall Ancestor, Ancestor Identity, Transference


You were on level 7 of the Dungeon.
You worshipped Hepliaklqana.
Hepliaklqana was most pleased with you.
You were a tree.
You visited 1 branch of the dungeon, and saw 7 of its levels.

You collected 266 gold pieces.
You spent 180 gold pieces at shops.

Inventory:

Hand Weapons
 a - a +0 hand axe
 q - a +2 falchion of holy wrath
 C - the +4 battleaxe of Tumult (weapon) {heavy, Fly rPois MP+9 Stlth+}
   (You found it on level 6 of the Dungeon)

   rPois:     It protects you from poison MP+9: It affects your magic capacity
   (+9).
   Fly:       It grants you flight.
   Stlth+:    It makes you more stealthy.
Armour
 d - an orb of light
 g - a +0 chain mail (melded)
 z - a +0 tower shield of fire resistance
Jewellery
 t - a ring of flight (left branch)
 w - a ring of poison resistance (right branch)
 A - a ring of wizardry
Wands
 v - a wand of iceblast (13)
 y - a wand of mindburst (13)
Scrolls
 e - 5 scrolls of identify {unknown}
 f - a scroll of vulnerability {unknown}
 h - a scroll of fog {unknown}
 i - 4 scrolls of teleportation
 o - a scroll of noise {unknown}
 p - 2 scrolls of acquirement {unknown}
 x - a scroll of poison {unknown}
 B - a scroll of revelation {unknown}
Potions
 b - a potion of invisibility {unknown}
 c - 2 potions of ambrosia
 j - a potion of enlightenment
 k - a potion of heal wounds {unknown}
 l - a potion of attraction {unknown}
 m - 2 potions of lignification
 n - a potion of curing
 r - a potion of resistance {unknown}
 s - 3 potions of might {unknown}
 u - a potion of cancellation {unknown}


   Skills:
 + Level 7.0 Fighting
 - Level 4.8 Long Blades
 * Level 5.1 Axes
 + Level 5.5 Armour
 + Level 6.3 Dodging


You had 7 spell levels left.
You didn't know any spells.
Your spell library contained the following spells:

 Spells                   Type           Power      Damage    Failure   Level
 Apportation              Tloc           0%         N/A       43%         1
 Magic Dart               Conj           0%         1d3       43%         1
 Sandblast                Erth           0%         2d4       43%         1
 Call Imp                 Summ           0%         N/A       56%         2
 Jinxbite                 Hex            0%         N/A       56%         2
 Passwall                 Tmut/Erth      0%         N/A       56%         2
 Gell's Gravitas          Tloc           0%         N/A       80%         3
 Ignite Poison            Fire/Tmut/Pois 0%         N/A       80%         3
 Mephitic Cloud           Conj/Pois/Air  0%         N/A       80%         3
 Stone Arrow              Conj/Erth      0%         3d7       80%         3
 Brom's Barrelling Bould  Conj/Erth      0%         2d3       99%         4
 Vhi's Electric Charge    Tloc/Air       0%         N/A       99%         4
 Alistair's Intoxication  Tmut/Pois      0%         N/A       100%        5
 Eringya's Noxious Bog    Tmut/Pois      0%         4d6       100%        6
 Malign Gateway           Summ/Tloc      0%         N/A       100%        7
 Summon Horrible Things   Summ           0%         N/A       100%        8


Dungeon Overview and Level Annotations

Branches:
Dungeon (7/15)             Temple (0/1) D:6

Altars:
Cheibriados
Hepliaklqana
Trog
Vehumet
Xom
The Shining One

Shops:
D:3 [   D:4 [   D:6 [

Annotations:
D:5 3 runed translucent doors, Dado's ghost, amateur GnWn
D:7 1 runed translucent door, hypergardens's ghost, novice GnFi


Innate Abilities, Weirdness & Mutations

You are a tree.
Your roots penetrate the ground, keeping you stationary.
You cannot be teleported.
You are immune to unholy pain and torment.
Your maximum health is greatly increased.
Your equipment is partially melded.
Your life essence is reduced to manifest your ancestor. (-10% HP)
((You have a pair of horns on your head.))
((You reflexively headbutt those who attack you in melee.))


Message History

The killer bee closely misses you. The killer bee barely misses you.
The killer bee stings you.
* * * LOW HITPOINT WARNING * * *
It was a potion of lignification.
You turn into a tree.
Your +0 chain mail melds into your body.
Your roots penetrate the ground.
You feel strangely stable.
You feel very sick. The killer bee barely misses you.
The killer bee stings you but does no damage. x5
It was a potion of curing.
You feel better.
You feel less invigorated.
The killer bee stings you but does no damage. x5
The killer bee stings you.
* * * LOW HITPOINT WARNING * * *
You barely miss the killer bee.
The killer bee is lightly wounded.
You hit the killer bee. You barely miss the killer bee.
The killer bee stings you but does no damage.
The killer bee stings you!
* * * LOW HITPOINT WARNING * * *
The killer bee stings you but does no damage.
The killer bee stings you.
* * * LOW HITPOINT WARNING * * *
The killer bee stings you!
* * * LOW HITPOINT WARNING * * *
The killer bee stings you but does no damage. x6
The killer bee stings you.
* * * LOW HITPOINT WARNING * * *
You feel better.
The killer bee stings you but does no damage.
The killer bee stings you.
* * * LOW HITPOINT WARNING * * *
The killer bee barely misses you.
The killer bee stings you but does no damage. x3
It was a potion of enlightenment.
Your roots keep you in place.
The killer bee stings you but does no damage. x2
The killer bee stings you.
* * * LOW HITPOINT WARNING * * *
The killer bee stings you but does no damage. x2
The killer bee stings you.
You die...

.... ... #####..####
###.........
####.........#
........y...#
###..#.##y...##..
§W#.....♣y†......
§h+......y...##.#
§§#...........#
###########....=......#
......................#
###<...###..<##.......#
....##.......#..........
.............>.......#..
######.####.#.##........


You could see a howler monkey, 4 killer bees and hypergardens's ghost.

Vanquished Creatures
  A water moccasin (D:5)
  A black bear (D:6)
  3 scorpions
  A killer bee (D:7)
  An orc priest (D:5)
  A sleepcap (D:5)
  A jelly (D:5)
  An iguana (D:6)
  Terence (D:3)
  2 adders
  2 shadow imps
  A white imp (D:7)
  An ufetubus (D:7)
  3 worms
  4 dart slugs
  2 orcs (D:5)
  12 bats
  5 endoplasms
  4 giant cockroaches
  8 goblins
  9 hobgoblins
  4 jackals
  3 quokkas
  9 ball pythons
  5 frilled lizards
  2 kobolds
  2 rats
89 creatures vanquished.

Vanquished Creatures (collateral kills)
  A water moccasin (D:5)
  A phantom (D:4)
  A kobold brigand (D:7)
  2 scorpions
  A killer bee (D:7)
  A jelly (D:6)
  An orc priest (D:5)
  A sleepcap (D:6)
  3 gnolls (D:5)
  A shadow imp (D:5)
  An ufetubus (D:7)
  An orc (D:6)
  A goblin (D:4)
  2 kobolds (D:7)
  A ball python (D:4)
19 creatures vanquished.

Vanquished Creatures (others)
  A battlemage (D:7)
1 creature vanquished.

Grand Total: 109 creatures vanquished

Notes
Turn   | Place    | Note
-------+----------+-------------------------------------------
     0 | D:1      | BinkBink the Minotaur Monk began the quest for the Orb.
     0 | D:1      | Reached XP level 1. HP: 19/19 MP: 0/0
   115 | D:1      | Reached XP level 2. HP: 4/27 MP: 1/1
   243 | D:1      | Reached skill level 4 in Fighting
   289 | D:1      | Found a faded altar of an unknown god.
   403 | D:1      | Reached XP level 3. HP: 33/33 MP: 2/2
   578 | D:2      | Reached skill level 1 in Armour
  1256 | D:3      | Found a hazy altar of Hepliaklqana.
  1256 | D:3      | Found a radiant altar of Vehumet.
  1275 | D:3      | Found Iduuhano's Antique Armour Shop.
  1305 | D:3      | Reached XP level 4. HP: 41/41 MP: 3/3
  1687 | D:3      | Noticed Terence
  1694 | D:3      | Killed Terence
  1695 | D:3      | Reached skill level 1 in Long Blades
  2142 | D:3      | Became a worshipper of Hepliaklqana the Forgotten
  2142 | D:3      | Reached * piety under Hepliaklqana
  2142 | D:3      | Reached ** piety under Hepliaklqana
  2143 | D:3      | Remembered your ancestor Tihomir as a battlemage
  2169 | D:4      | Found Lair's Antique Armour Emporium.
  2300 | D:4      | Noticed a scorpion
  2305 | D:4      | Killed a scorpion
  2306 | D:4      | Reached XP level 5. HP: 36/42 MP: 4/4
  2370 | D:4      | Noticed a phantom
  2375 | D:4      | Killed a phantom
  2376 | D:4      | Reached skill level 5 in Fighting
  2412 | D:4      | Reached XP level 6. HP: 50/50 MP: 5/5
  2590 | D:5      | Identified the "Puwigeph"
  2590 | D:5      | Entered Level 5 of the Dungeon
  2742 | D:5      | Noticed a water moccasin
  2747 | D:5      | Killed a water moccasin
  2748 | D:5      | Reached skill level 5 in Dodging
  2931 | D:5      | Found a shimmering altar of Xom.
  2946 | D:5      | Noticed a water moccasin
  2949 | D:5      | Reached XP level 7. HP: 55/55 MP: 6/6
  2956 | D:5      | Reached skill level 6 in Fighting
  3050 | D:5      | Identified the +6 spear of Vengeance {drain, Fly rC+ Int+4}
  3077 | D:5      | Reached *** piety under Hepliaklqana
  3250 | D:5      | Found a runed translucent gate.
  3250 | D:5      | Found a runed translucent gate.
  3250 | D:5      | Found a runed translucent gate.
  3251 | D:5      | Noticed Dado's ghost (amateur GnWn)
  3515 | D:6      | Found a snail-covered altar of Cheibriados.
  3536 | D:6      | Found a staircase to the Ecumenical Temple.
  3613 | D:6      | Found Dymoawal's Antique Armour Boutique.
  3744 | D:4      | Bought a glowing tower shield for 180 gold pieces
  3823 | D:6      | Found a bloodstained altar of Trog.
  3823 | D:6      | Found a glowing golden altar of the Shining One.
  3878 | D:6      | Reached skill level 5 in Armour
  3881 | D:6      | Reached XP level 8. HP: 39/63 MP: 7/7
  4257 | D:6      | Identified the +4 battleaxe of Tumult {heavy, Fly rPois
                  | MP+9 Stlth+}
  4766 | D:7      | Found a runed translucent door.
  4768 | D:7      | Noticed hypergardens's ghost (novice GnFi)
  4783 | D:7      | Reached skill level 7 in Fighting
  4783 | D:7      | Reached skill level 5 in Axes
  4788 | D:7      | HP: 3/97 [killer bee (4)]
  4790 | D:7      | Slain by a killer bee

Illustrated notes

Levels and vault maps discovered:
D:1:      shiori_arrival_elements, layout_rooms, shapermc_ecumenical_altar_venn
D:2:      layout_rooms, chequers_serial_rivers_micro_c
D:3:      layout_loops_corners, gammafunk_temple_overflow_statue, serial_shops,
          shop, kennysheep_generic_room_8, uniq_terence
D:4:      layout_rooms, serial_shops, shop, minmay_misc_feat_roman,
          nicolae_zig_zag_zippers
D:5:      layout_loops_cross, kennysheep_mini, nicolae_overflow_hidden_temple,
          gammafunk_ghost_nasty_kobolds, kennysheep_cluttered_room
D:6:      layout_loops_ring, kennysheep_slug_shrine,
          chequers_temple_overflow_statue_of_worship,
          minmay_temple_entry_crystal_x, serial_shops, shop, lemuel_flame_loot_1
D:7:      layout_rooms, mainiacjoe_overflow_alcove_2, hangedman_ru_absence,
          ebering_ghost_inner_flame, lightli_orcish_oven

Skill      XL: |  1  2  3  4  5  6  7  8 |
---------------+-------------------------+-----
Fighting       | 4 5 6 7 |  7.0
Axes           | 4 5 |  5.1
Armour         | 1 2 3 4 5 |  5.5
Dodging        | 4 5 6 |  6.3
Long Blades    | 1 2 3 4 |  4.8

Action                     |  1- 3 |  4- 6 |  7- 9 || total
---------------------------+-------+-------+-------++-------
  Melee: Hand axe          |    79 |       |       ||    79
         Headbutt          |    15 |    12 |     9 ||    36
         Falchion          |     6 |    64 |    36 ||   106
         Battleaxe         |       |       |    10 ||    10
 Invoke: Ancestor Life: Ba |       |     1 |       ||     1
    Use: Potion            |       |       |     5 ||     5
         Scroll            |       |       |     1 ||     1
   Stab: Distracted        |       |       |     1 ||     1
 Armour: Robe              |    14 |       |       ||    14
         Chain mail        |    59 |    49 |    76 ||   184
         Skin              |       |       |    34 ||    34
  Dodge: Dodged            |    40 |    28 |    42 ||   110
  Block: Tower shield      |       |       |    13 ||    13

Table legend: (Time is in decaauts)
 A = Elapsed time spent in this place.
 B = Non-inter-level travel time spent in this place.
 C = Inter-level travel time spent in this place.
 D = Time resting spent in this place.
 E = Time spent auto-exploring this place.
 F = Levels seen in this place.
 G = Mean time per level.
                   A        B        C        D        E       F      G
               +--------+--------+--------+--------+--------+-----+--------+
         Total |   4840 |   4321 |    519 |    221 |   3460 |   7 |  691.4 |
       Dungeon |   4840 |   4321 |    519 |    221 |   3460 |   7 |  691.4 |
               +--------+--------+--------+--------+--------+-----+--------+

Top non-repeatable levels by time:
     D:3: 1014 daAuts
     D:5: 997 daAuts
     D:6: 924 daAuts
     D:2: 596 daAuts
     D:1: 576 daAuts
     D:4: 488 daAuts
     D:7: 243 daAuts
